 Dungeon Crawl Stone Soup version 0.18.1-6-gd335043 (webtiles) character file.

167 epen the Magician (level 5, 0/55 HPs)
             Began as a Demonspawn Wanderer on May 20, 2016.
             Slain by Menkaure (6 damage)
             ... on level 4 of the Dungeon.
             The game lasted 00:07:00 (4697 turns).

epen the Magician (Demonspawn Wanderer)             Turns: 4697, Time: 00:07:01

Health: 0/55       AC: 22    Str: 22    XL:     5   Next: 23%
Magic:  0/11       EV:  2    Int: 12    God:
Gold:   173        SH:  0    Dex: 15    Spells: 0 memorised, 12 levels left

rFire  . . .     SeeInvis .     c - +2 dagger (venom)
rCold  . . .     Gourm    .     (armour currently unavailable)
rNeg   + + +     Faith    .     (no shield)
rPois  +         Spirit   +     (helmet currently unavailable)
rElec  .         Dismiss  .     (cloak currently unavailable)
rCorr  .         Reflect  .     (gloves currently unavailable)
SustAt .         Harm     .     (boots currently unavailable)
MR     .....     NoTele   +     y - amulet of rage
Stlth  ++........               (no ring)
                                (no ring)

@: confused, mighty, agile, tree-form, very slightly contaminated, invisible,
not resistant to hostile enchantments, unstealthy
A: (hooves 0), magic shield
a: Evoke Berserk Rage


You were on level 4 of the Dungeon.
You were hungry.
You were a tree.
You visited 1 branch of the dungeon, and saw 4 of its levels.
You also visited: Sewer.

You collected 173 gold pieces.

Inventory:

Hand Weapons
 c - a +2 dagger of venom (weapon)
Armour
 d - a +0 robe
 h - a +0 helmet (melded)
 i - a +0 ring mail
 u - a +0 chain mail of fire resistance (melded)
Jewellery
 x - an uncursed ring of ice
 y - an amulet of rage (around neck)
 z - an uncursed amulet of dismissal
Wands
 p - a wand of teleportation (6/9)
Scrolls
 g - 3 scrolls of remove curse {unknown}
 j - a scroll of enchant weapon {unknown}
 m - a scroll of blinking {unknown}
 n - 2 scrolls of fog {unknown}
 o - 4 scrolls of identify {unknown}
 r - a scroll of fear {unknown}
Potions
 e - 2 potions of lignification
 k - 2 potions of flight
 s - a potion of might
Books
 a - a book of Minor Magic

   Spells                             Type                      Level
   a - Magic Dart                     Conjuration                  1
   b - Blink                          Translocation                2
   c - Call Imp                       Summoning                    2
   d - Repel Missiles                 Charms/Air                   2
   e - Slow                           Hexes                        2
   f - Conjure Flame                  Conjuration/Fire             3
   g - Mephitic Cloud                 Conjuration/Poison/Air       3
 b - the Compendium of Orientation

   Spells                             Type                      Level
   a - Shroud of Golubria             Charms/Translocation         2
   b - Blink                          Translocation                2
Comestibles
 f - 3 bread rations
 l - 3 beef jerkies


   Skills:
 + Level 1.3 Fighting
 + Level 1.5 Armour
 * Level 2.7 Dodging
   Level 1.0 Shields
 * Level 2.4 Unarmed Combat
 - Level 4.0 Spellcasting
   Level 2.0 Conjurations
   Level 1.0 Charms
   Level 1.0 Poison Magic
 - Level 1.0 Evocations


You had 12 spell levels left.
You didn't know any spells.

Dungeon Overview and Level Annotations

Branches:
Dungeon (4/15)
 Temple: D:4-7

Altars:
Ashenzari
Trog
Xom
The Shining One

Annotations:
D:4 Menkaure


Innate Abilities, Weirdness & Mutations

((You have large cloven feet.))
When hurt, damage is shared between your health and your magic reserves.


Message History

You are very lightly contaminated with residual magic.
Drink which item? (? for menu, Esc to quit)
It was a potion of might.
You feel very mighty all of a sudden. Menkaure hits you.
* * * LOW HITPOINT WARNING * * *
The kobold shoots a poisoned needle.
The poisoned needle hits Menkaure!
Unknown command.
Drink which item? (? for menu, Esc to quit)
It was a potion of ambrosia.
You are confused.
You feel invigorated. Menkaure hits you.
* * * LOW HITPOINT WARNING * * *
Unknown command.
Unknown command.
You cannot move. (Use ctrl+direction to attack without moving.)
You cannot move. (Use ctrl+direction to attack without moving.)
You cannot move. (Use ctrl+direction to attack without moving.)
You swing at nothing.
Menkaure hits you!
You die... ### .g. #.. #.### ####### Ko#o

#...... ####gK
#.####. #(.#M##
#.#.##. ..# #..#♣.#
#....#.#.... ..#
#.)#..# ....#.#.###
..## ##)#..#
#...#.#.# ...#
.#####.....#
#...#.#.# .M.+
........####
#...#.#.# ...#
+##..##'#..#
##...#.#.# ...#
#+##..').#
#....#.#.# ...+
#..##+# #......#.#
..M# ####
#)##.P####...####.#


You could see Menkaure, 2 orcs, a hobgoblin, a goblin (wandering) and 2 kobolds.

Vanquished Creatures
  A gnoll (D:4)
  A howler monkey skeleton (D:4)
  3 adders
  3 oozes
  4 dart slugs
  7 giant geckos
  6 orcs
  6 giant cockroaches
  8 goblins
  7 hobgoblins
  8 jackals
  3 kobolds
  3 quokkas (D:3)
  4 ball pythons
  8 bats
  6 giant newts
  8 rats
86 creatures vanquished.

Notes
Turn   | Place    | Note
--------------------------------------------------------------
     0 | D:1      | epen the Demonspawn Wanderer began the quest for the Orb.
     0 | D:1      | epen set off with: a book of Minor Magic, the Compendium of Orientation, a scroll of teleportation, a +0 robe, a +0 club, a bread ration
     0 | D:1      | Reached XP level 1. HP: 13/13 MP: 5/5
   702 | D:1      | Reached skill level 1 in Dodging
   877 | D:1      | Gained mutation: When hurt, damage is shared between your health and your magic reserves. [demonic ancestry]
   877 | D:1      | Reached XP level 2. HP: 13/19 MP: 7/7
  1070 | D:1      | Reached skill level 1 in Unarmed Combat
  1118 | D:1      | Found a shattered altar of Ashenzari.
  1653 | D:2      | Gained mutation: You have large cloven feet. [demonic ancestry]
  1653 | D:2      | Reached XP level 3. HP: 19/24 MP: 5/8
  2279 | D:2      | Found a shimmering altar of Xom.
  2287 | D:2      | Found a bloodstained altar of Trog.
  2288 | D:2      | Found a glowing golden altar of the Shining One.
  2506 | D:3      | Reached skill level 1 in Armour
  2605 | D:3      | Reached XP level 4. HP: 15/31 MP: 2/10
  2831 | D:3      | Found a glowing drain.
  2859 | Sewer    | Entered a sewer
  3270 | Sewer    | Reached skill level 1 in Fighting
  3723 | D:3      | HP: 1/32 [quokka (2)]
  4269 | D:4      | Noticed Menkaure
  4271 | D:4      | Got a dazzling dagger
  4363 | D:4      | Reached XP level 5. HP: 28/37 MP: 11/11
  4695 | D:4      | HP: 1/55 [Menkaure (3)]
  4697 | D:4      | Slain by Menkaure

Skill      XL: |  1  2  3  4 |
---------------+-------------+-----
Dodging        | 1 2 |  2.7
Unarmed Combat | 1 2 |  2.4
Armour         | 1 |  1.5
Fighting       | 1 |  1.3
Shields        | |  1.0
Spellcasting   | |  4.0
Conjurations   | |  2.0
Charms         | |  1.0
Poison Magic   | |  1.0
Evocations     | |  1.0

Action                   |  1- 3 |  4- 6 || total
-------------------------+-------+-------++-------
Melee: Unarmed           |   235 |   451 ||   686
       Kick              |    22 |    62 ||    84
       Punch             |     1 |       ||     1
       Dagger            |       |    24 ||    24
  Use: Potion            |     2 |     8 ||    10
       Scroll            |       |     2 ||     2
 Stab: Sleeping          |       |     2 ||     2
  Eat: Chunk             |     5 |     8 ||    13
Armor: Ring mail         |    65 |   150 ||   215
       Chain mail        |       |   163 ||   163
       Skin              |       |     2 ||     2
Dodge: Dodged            |   132 |   344 ||   476
